 Dungeon Crawl Stone Soup version 0.30-a0-1157-g2cc9ac7196 (webtiles) character file.

Game seed: 14421310727126113086

1500 iamoutofideas the Cleaver (level 8, -10/70 HPs)
             Began as a Hill Orc Monk on Apr 24, 2023.
             Killed from afar by Maggie (20 damage)
             ... with a bolt of fire
             ... on level 7 of the Dungeon.
             The game lasted 00:06:25 (5466 turns).

iamoutofideas the Cleaver (Hill Orc Monk)           Turns: 5466, Time: 00:06:26

Health: -10/70     AC:  8    Str: 22    XL:     8   Next: 81%
Magic:  8/8        EV: 12    Int: 10    God:
Gold:   271        SH:  0    Dex: 19    Spells: 7/7 levels left

rFire   . . .        a - +0 hand axe
rCold   . . .        d - orb {light}
rNeg    . . .        m - +0 ring mail
rPois   .            (no helmet)
rElec   +            e - scarf of Luzxius {+Inv, Rampage rElec Stlth+}
rCorr   .            C - +0 pair of gloves
SInv    .            w - +0 pair of boots
Will    .....        y - amulet of reflection
Stlth   +            o - +6 ring of strength
HPRegen 0.31/turn    g - +6 ring of dexterity
MPRegen 0.11/turn

%: reflection, rampage
@: confused, ambrosia-drunk, hasted, glowing, very quick
A: no striking features
a: Evoke Invisibility


You were on level 7 of the Dungeon.
You visited 1 branch of the dungeon, and saw 7 of its levels.

You collected 271 gold pieces.

Inventory:

Hand Weapons
 a - a +0 hand axe (weapon)
 j - a +0 war axe
Armour
 d - an orb of light (worn)
 e - the scarf of Luzxius (worn) {+Inv, Rampage rElec Stlth+}
   (You acquired it on level 3 of the Dungeon)

   rElec:     It insulates you from electricity.
   Rampage:   It bestows one free step when moving towards enemies.
   Stlth:     It makes you more stealthy.
 m - a +0 ring mail (worn)
 w - a +0 pair of boots (worn)
 C - a +0 pair of gloves (worn)
Jewellery
 g - a +6 ring of dexterity (right hand)
 o - a +6 ring of strength (left hand)
 r - a ring of protection from fire
 y - an amulet of reflection (around neck)
Wands
 s - a wand of roots (10)
Scrolls
 b - a scroll of summoning {unknown}
 h - 2 scrolls of magic mapping {unknown}
 i - 2 scrolls of amnesia {unknown}
 l - a scroll of poison {unknown}
 n - 5 scrolls of teleportation
 p - 3 scrolls of fog
 u - 2 scrolls of enchant weapon {unknown}
 x - a scroll of torment {unknown}
 A - a scroll of vulnerability {unknown}
 B - a scroll of fear {unknown}
 D - a scroll of enchant armour {unknown}
Potions
 f - 3 potions of might
 k - a potion of haste
 q - a potion of resistance
 t - 5 potions of invisibility
 z - a potion of attraction {unknown}


   Skills:
 + Level 5.7 Fighting
 * Level 12.1 Axes
 + Level 3.5 Armour
 + Level 3.1 Dodging
 + Level 1.5 Shields


You had 7 spell levels left.
You didn't know any spells.
Your spell library was empty.

Dungeon Overview and Level Annotations

Branches:
Dungeon (7/15)
 Temple: D:4-7

Altars:

Shops:
D:6 *

Annotations:
D:1 scroll in glass, need dig wand
D:7 Maggie


Message History

Maggie hits you with a +0 long sword of flaming.
* * * LOW HITPOINT WARNING * * *
Maggie burns you.
* * * LOW HITPOINT WARNING * * *
The gnoll bouda gazes fiercely through you!
You feel your attacks grow feeble.
You feel better.
Maggie zaps a wand.
The bolt of light hits you!
* * * LOW HITPOINT WARNING * * *
The gnoll bouda barks out a call to the hunt!
You hear a shout!
You hit Maggie.
Maggie is severely wounded.
Okay, then.
You hit Maggie but do no damage.
Maggie is severely wounded.
You block Maggie's attack.
You barely miss Maggie.
Maggie is severely wounded.
You hit Maggie but do no damage.
Maggie is severely wounded.
Maggie gestures wildly while chanting.
Maggie attempts to bespell you! You resist with almost no effort.
You hit Maggie.
Maggie is almost dead.
Your attacks no longer feel as feeble.
You hit Maggie but do no damage.
Maggie is almost dead.
Maggie points at you and mumbles some strange words.
The bolt of fire hits you!
* * * LOW HITPOINT WARNING * * *
A gnoll comes into view.
It is wielding a +1 flail of protection.
The gnoll shouts!
You are confused.
You feel invigorated.
You hit Maggie.
Maggie is almost dead.
Maggie barely misses you.
Maggie points at you and mumbles some strange words.
The bolt of fire hits you!!
You die...

##.##≈..................
...!~~~.................
#..#~~≈≈..~............
#.....~~≈≈≈~g..........
# #.......≈≈≈.........
#.##...........)...>...
#......................
#####....@g.............
.......@................
.####...................
#...................
#...................
#...................
#...................
#............ .....
###########.. ....


You could see Maggie, a gnoll bouda and a gnoll (swift).

Vanquished Creatures
  Sigmund (D:3)
  A steam dragon (D:4)
  Edmund (D:6)
  5 ogres
  3 scorpions (D:5)
  A howler monkey (D:6)
  4 hounds
  3 iguanas
  3 orc wizards
  6 adders
  A white imp (D:5)
  An ufetubus (D:4)
  2 worms
  2 dart slugs (D:1)
  24 orcs
  4 bats
  3 endoplasms (D:3)
  3 giant cockroaches
  14 goblins
  6 hobgoblins
  2 jackals (D:4)
  3 quokkas
  6 ball pythons
  A frilled lizard (D:2)
  3 kobolds
  5 rats
108 creatures vanquished.

Notes
Turn   | Place    | Note
-------+----------+-------------------------------------------
     0 | D:1      | iamoutofideas the Hill Orc Monk began the quest for the
                  | Orb.
     0 | D:1      | Reached XP level 1. HP: 19/19 MP: 1/1
   274 | D:1      | Reached XP level 2. HP: 27/27 MP: 2/2
   686 | D:1      | Reached skill level 5 in Axes
  1017 | D:2      | Reached XP level 3. HP: 33/33 MP: 3/3
  1494 | D:3      | Noticed Sigmund
  1511 | D:3      | Killed Sigmund
  1512 | D:3      | Reached skill level 7 in Axes
  1512 | D:3      | Reached XP level 4. HP: 31/40 MP: 4/4
  1512 | D:3      | Reached XP level 5. HP: 36/46 MP: 5/5
  1976 | D:3      | You fall into a shaft and drop 3 floors!
  2007 | D:6      | Reached skill level 1 in Armour
  2058 | D:5      | Entered Level 5 of the Dungeon
  2069 | D:5      | Reached skill level 8 in Axes
  2069 | D:5      | Reached XP level 6. HP: 42/52 MP: 6/6
  2192 | D:5      | Reached skill level 9 in Axes
  2248 | D:5      | Reached XP level 7. HP: 34/59 MP: 7/7
  2710 | D:3      | Reached skill level 10 in Axes
  2957 | D:3      | Identified a scroll of acquirement
  2957 | D:3      | Acquired the scarf of Luzxius {+Inv, Rampage rElec Stlth+}
  3329 | D:4      | Reached skill level 5 in Fighting
  3329 | D:4      | Reached XP level 8. HP: 68/68 MP: 8/8
  3351 | D:4      | Reached skill level 11 in Axes
  3910 | D:5      | Identified the +0 robe of the Untouchables {rC- Will++}
  3970 | D:5      | Reached skill level 1 in Shields
  4619 | D:6      | Found Piutz's Gadget Gallery.
  4775 | D:6      | Noticed Edmund
  4793 | D:6      | Killed Edmund
  5133 | D:6      | Reached skill level 12 in Axes
  5411 | D:7      | Noticed Maggie
  5463 | D:7      | HP: 1/70 [Maggie/bolt of fire (15)]
  5466 | D:7      | Killed from afar by Maggie

Illustrated notes

Levels and vault maps discovered:
D:1:      kennysheep_arrival_seaside, layout_basic, minmay_strange_pillars,
          reono_crystal_passage, item_on_display_a
D:2:      layout_rooms
D:3:      layout_basic, uniq_sigmund
D:4:      layout_gridville, minmay_ogre_servants
D:5:      layout_loops_corners
D:6:      layout_basic, minmay_misc_feat_more_columns, nicolae_shop_gadgets,
          uniq_edmund
D:7:      layout_basic, minmay_temple_entry_statues_pillars,
          chequers_serial_rivers_small_a, uniq_maggie, uniq_menkaure,
          uniq_crazy_yiuf_cottage

Skill      XL: |  1  2  3  4  5  6  7  8 |
---------------+-------------------------+-----
Axes           | 5 7 8 9 10 12 | 12.1
Fighting       | 4 5 |  5.7
Armour         | 1 2 3 |  3.5
Shields        | 1 |  1.5
Dodging        | 3 |  3.1

Action                     |  1- 3 |  4- 6 |  7- 9 || total
---------------------------+-------+-------+-------++-------
  Melee: Hand axe          |    72 |    65 |   231 ||   368
    Use: Scroll            |     4 |     1 |     4 ||     9
         Potion            |     1 |       |     9 ||    10
 Armour: Ring mail         |    15 |    25 |    43 ||    83
         Robe              |     1 |       |       ||     1
  Dodge: Dodged            |    34 |    23 |    94 ||   151
  Block: Orb               |       |       |    27 ||    27

Table legend: (Time is in decaauts)
 A = Elapsed time spent in this place.
 B = Non-inter-level travel time spent in this place.
 C = Inter-level travel time spent in this place.
 D = Time resting spent in this place.
 E = Time spent auto-exploring this place.
 F = Levels seen in this place.
 G = Mean time per level.
                   A        B        C        D        E       F      G
               +--------+--------+--------+--------+--------+-----+--------+
         Total |   5393 |   5118 |    275 |    948 |   3411 |   7 |  770.4 |
       Dungeon |   5393 |   5118 |    275 |    948 |   3411 |   7 |  770.4 |
               +--------+--------+--------+--------+--------+-----+--------+

Top non-repeatable levels by time:
     D:5: 1286 daAuts
     D:1: 1004 daAuts
     D:4: 891 daAuts
     D:6: 839 daAuts
     D:3: 839 daAuts
     D:2: 470 daAuts
     D:7: 62 daAuts
